 Dungeon Crawl Stone Soup version 0.19-a0-1908-g43c011f (webtiles) character file.

6814 Leibowitz the Slicer (level 11, -3/66 HPs)
             Began as a Kobold Fighter on Oct 22, 2016.
             Was a Priest of Trog.
             Slain by a salamander (glowing shapeshifter) (11 damage)
             ... on level 10 of the Dungeon.
             The game lasted 00:33:27 (11639 turns).

Leibowitz the Slicer (Kobold Fighter)              Turns: 11639, Time: 00:33:28

Health: -3/66      AC:  8    Str: 15    XL:     11   Next: 25%
Magic:  2/11       EV: 20    Int:  9    God:    Trog [***...]
Gold:   480        SH:  7    Dex: 17    Spells: 0 memorised, 10 levels left

rFire  . . .     SeeInvis .     a - +1 rapier
rCold  . . .     Gourm    .     v - +0 leather armour
rNeg   . . .     Faith    +     k - +1 buckler
rPois  +         Spirit   .     B - +1 hat
rElec  .         Reflect  .     y - +2 cloak
rCorr  .         Harm     .     (no gloves)
MR     .....                    m - +0 pair of boots
Stlth  ++++......               C - amulet of faith
                                p - +2 ring of evasion
                                j - ring of poison resistance

@: no status effects
A: blurry vision 1, carnivore 3
a: Berserk, Trog's Hand, Burn Spellbooks, Renounce Religion


You were on level 10 of the Dungeon.
You worshipped Trog.
Trog was most pleased with you.
You were very full.

You visited 2 branches of the dungeon, and saw 11 of its levels.

You collected 480 gold pieces.

Inventory:

Hand Weapons
 a - a +1 rapier (weapon)
 b - a +0 blowgun
 L - the +6 scimitar of Flaming Death {sticky flame, rPois rF++ rC- MR+}
   (You found it on level 9 of the Dungeon)

   It has been specially enchanted to burn those struck by it, causing extra
   injury to most foes and up to half again as much damage against particularly
   susceptible opponents.
   Big, fiery blades are also staple armaments of hydra-hunters.
   It greatly protects you from fire.
   It makes you vulnerable to cold.
   It protects you from poison.
   It affects your resistance to hostile enchantments.
Missiles
 q - 11 poisoned needles
Armour
 k - a +1 buckler (worn)
 m - a +0 pair of boots (worn)
 v - a +0 leather armour (worn)
 y - a +2 cloak (worn)
 B - a +1 hat (worn)
Jewellery
 j - a ring of poison resistance (left hand)
 p - a +2 ring of evasion (right hand)
 C - an amulet of faith (around neck)
 G - an uncursed ring of protection from cold
 N - an uncursed ring of see invisible
Wands
 d - a wand of lightning (13/15)
 l - a wand of iceblast (10/15)
 n - a wand of acid (5/15)
 H - a wand of iceblast (4/15)
 M - a wand of disintegration (8/24)
Scrolls
 e - 14 scrolls of identify
 h - 5 scrolls of remove curse
 o - a scroll of magic mapping
 t - 2 scrolls of recharging
 u - a scroll of enchant armour
 x - 3 scrolls of teleportation
 D - a scroll of enchant weapon
Potions
 c - 2 potions of heal wounds
 i - 2 potions of resistance
 r - 5 potions of curing
 s - a potion of cure mutation
 z - a potion of berserk rage
 A - a potion of might
 E - 2 potions of brilliance
 F - a potion of cancellation
Books
 I - a book of Battle

   Spells                             Type                      Level
   a - Infusion                       Charms                       1
   b - Shroud of Golubria             Charms/Translocation         2
   c - Song of Slaying                Charms                       2
   d - Spectral Weapon                Hexes/Charms                 3
   e - Regeneration                   Charms/Necromancy            3
   Trog disapproves of the use of such an item.
 J - a book of Cantrips

   Spells                             Type                      Level
   a - Confusing Touch                Hexes                        1
   b - Animate Skeleton               Necromancy                   1
   c - Summon Small Mammal            Summoning                    1
   d - Apportation                    Translocation                1
   Trog disapproves of the use of such an item.
 K - a book of Debilitation

   Spells                             Type                      Level
   a - Corona                         Hexes                        1
   b - Slow                           Hexes                        2
   c - Gell's Gravitas                Hexes/Translocation          3
   d - Inner Flame                    Hexes/Fire                   3
   e - Cause Fear                     Hexes                        4
   f - Leda's Liquefaction            Hexes/Earth                  4
   Trog disapproves of the use of such an item.
Comestibles
 f - 3 meat rations
 g - 8 beef jerkies
 w - 3 slices of pizza
 O - 9 royal jellies


   Skills:
 + Level 6.8 Fighting
 + Level 11.2 Short Blades
 + Level 7.4 Throwing
 + Level 4.1 Armour
 + Level 5.9 Dodging
 * Level 10.5 Stealth
 + Level 5.0 Shields


You had 10 spell levels left.
You didn't know any spells.

Dungeon Overview and Level Annotations

Branches:
Dungeon (10/15)            Temple (1/1) D:6             Orc (0/2) D:9
   Lair: D:8-11

Altars:
Ashenzari
Cheibriados
Dithmenos
Elyvilon
Fedhas
Gozag
Hepliaklqana
Kikubaaqudgha
Makhleb
Nemelex Xobeh
Okawaru
Qazlal
Ru
Sif Muna
Trog
Uskayaw
Vehumet
Xom
Yredelemnul
Zin
The Shining One

Shops:
D:8 (!   D:9 %

Annotations:
D:8 Leibowitz's ghost, novice DgGl


Innate Abilities, Weirdness & Mutations

You are small and have problems with some larger weapons.
You are carnivorous and can eat meat at any time.
Scrolls take you a little longer to read.


Message History

You puncture the guardian serpent!
The guardian serpent is lightly wounded.
The guardian serpent misses you.
You hit the guardian serpent but do no damage.
The guardian serpent is lightly wounded.
The guardian serpent changes into a salamander!
You hit the salamander.
The salamander is lightly wounded.
You hit the salamander but do no damage.
The salamander is lightly wounded.
You hit the salamander but do no damage.
The salamander is lightly wounded.
The salamander hits you!
You are engulfed in flames!
* * * LOW HITPOINT WARNING * * *
You closely miss the salamander.
The salamander is lightly wounded.
The salamander hits you!
* * * LOW HITPOINT WARNING * * *
You are engulfed in flames!
You die...

#.# #.#.##....# #..... #.#
##.#.#....# #..... #.##
#.#.##....# #..... #..#
###.##....# #..รท.. ##.#
#..#..+#### ###+## #># ##.....#
#..# ######.#### ####'######
####.# ..........####........###
#.(... ..........##.'..@N(.(.'.#
#..... ..........##.#........#.#
#..<..
..........#..#.......^#.####C....
............##........#.l..#.....
..........####........####.#..(..
..........# #........# #.#.(...
..........# #........# #...>...
.........# #........# ###.....
######### ######


You could see a salamander shaped shifter.

Vanquished Creatures
  A stone giant (D:10)
  Maurice (D:9)
  Prince Ribbit (D:8)
  2 hippogriffs
  Eustachio (D:4)
  2 hungry ghosts
  2 soldier ants (D:10)
  A water moccasin (D:6)
  2 orc warriors
  3 ice beasts
  5 ogres
  5 centaurs
  A crocodile (D:8)
  2 big kobolds (D:7)
  2 bullfrogs
  A wyvern skeleton (D:8)
  18 killer bees
  5 scorpions
  2 howler monkeys
  4 crimson imps
  A centaur zombie (D:4)
  3 hounds
  Crazy Yiuf (D:7)
  3 jellies
  7 orc priests
  A bullfrog skeleton (D:4)
  A centaur skeleton (D:7)
  An iguana (D:5)
  11 orc wizards
  7 worker ants
  A hound zombie (D:5)
  A hound skeleton (D:4)
  5 gnolls
  6 adders
  5 shadow imps
  An ooze (D:5)
  2 adder zombies
  4 worms
  A dart slug (D:1)
  5 leopard geckos
  35 orcs
  4 giant cockroaches
  7 goblins
  3 hobgoblins
  4 jackals
  10 kobolds
  3 quokkas
  2 ball pythons
  5 bats
  3 frilled lizards
  A jackal zombie (D:6)
  A leopard gecko skeleton (D:4)
  A quokka zombie (D:9)
  5 rats
212 creatures vanquished.

Notes
Turn   | Place    | Note
-------+----------+-------------------------------------------
     0 | D:1      | Leibowitz the Kobold Fighter began the quest for the Orb.
     0 | D:1      | Reached XP level 1. HP: 14/14 MP: 1/1
   394 | D:1      | Reached XP level 2. HP: 19/19 MP: 2/2
   537 | D:1      | Reached skill level 1 in Stealth
  1227 | D:2      | Reached XP level 3. HP: 16/23 MP: 3/3
  1609 | D:2      | Reached skill level 3 in Short Blades
  2048 | D:3      | Reached XP level 4. HP: 28/28 MP: 4/4
  3177 | D:3      | You fall through a shaft for 2 floors!
  3177 | D:5      | Entered Level 5 of the Dungeon
  3190 | D:5      | Reached skill level 1 in Dodging
  3190 | D:5      | Reached XP level 5. HP: 32/32 MP: 5/5
  3223 | D:5      | Found a snail-covered altar of Cheibriados.
  3226 | D:5      | Noticed an ice beast
  3250 | D:5      | Killed an ice beast
  3250 | D:5      | Reached skill level 4 in Short Blades
  3250 | D:5      | Reached XP level 6. HP: 5/38 MP: 6/6
  3598 | D:4      | Noticed Eustachio
  3830 | D:4      | Reached skill level 1 in Throwing
  3862 | D:4      | Reached skill level 5 in Short Blades
  3907 | D:4      | Reached XP level 7. HP: 21/43 MP: 7/7
  4937 | D:4      | Killed Eustachio
  4937 | D:4      | Reached skill level 6 in Short Blades
  4937 | D:4      | Reached skill level 5 in Stealth
  4937 | D:4      | Reached XP level 8. HP: 45/48 MP: 8/8
  5022 | D:5      | Found a shattered altar of Ashenzari.
  5624 | D:6      | Reached skill level 7 in Short Blades
  5743 | D:6      | Reached XP level 9. HP: 52/52 MP: 9/9
  5863 | D:6      | Reached skill level 5 in Fighting
  5901 | D:6      | Reached skill level 8 in Short Blades
  6045 | D:6      | Found a staircase to the Ecumenical Temple.
  6054 | Temple   | Entered the Ecumenical Temple
  6118 | Temple   | Became a worshipper of Trog the Wrathful
  7378 | D:7      | Reached * piety under Trog
  7400 | D:7      | Reached skill level 5 in Throwing
  7454 | D:7      | Gained mutation: Your body sometimes deteriorates upon taking damage. [potion of mutation]
  7454 | D:7      | Gained mutation: Scrolls take you a little longer to read. [potion of mutation]
  7454 | D:7      | Lost mutation: Your body sometimes deteriorates upon taking damage. [potion of mutation]
  7718 | D:7      | Reached skill level 9 in Short Blades
  7738 | D:7      | Reached XP level 10. HP: 59/59 MP: 10/10
  7800 | D:7      | Reached skill level 5 in Dodging
  8118 | D:7      | Found a runed door.
  8122 | D:7      | Noticed Crazy Yiuf
  8158 | D:7      | Killed Crazy Yiuf
  8363 | D:8      | Noticed Prince Ribbit
  8363 | D:8      | Noticed Leibowitz's ghost (novice DgGl)
  8438 | D:8      | Found a shadowy altar of Dithmenos.
  8452 | D:8      | Found Asiasch's Distillery.
  8532 | D:8      | Reached ** piety under Trog
  8797 | D:8      | Reached skill level 10 in Short Blades
  9370 | D:8      | Killed Prince Ribbit
  9748 | D:8      | Found Goclekug's Antique Weapon Emporium.
  9831 | D:9      | Found Dunuil's Food Emporium.
 10133 | D:9      | Reached *** piety under Trog
 10237 | D:9      | Noticed Maurice
 10317 | D:9      | Killed Maurice
 10534 | D:9      | Found a staircase to the Orcish Mines.
 10595 | D:9      | Reached skill level 10 in Stealth
 11076 | D:10     | Entered Level 10 of the Dungeon
 11111 | D:10     | Reached XP level 11. HP: 63/65 MP: 11/11
 11194 | D:10     | Found a shadowy altar of Dithmenos.
 11541 | D:10     | Noticed a stone giant
 11551 | D:10     | Noticed an alligator
 11551 | D:10     | a slime creature changed into an alligator
 11556 | D:10     | Noticed an anaconda
 11556 | D:10     | Noticed a wolf spider
 11556 | D:10     | an anaconda changed into a wolf spider
 11557 | D:10     | Noticed a faun
 11557 | D:10     | a wolf spider changed into a faun
 11559 | D:10     | a faun changed into a floating eye
 11601 | D:10     | Noticed a fire crab
 11601 | D:10     | a wyvern changed into a fire crab
 11605 | D:10     | a fire crab changed into an eye of draining
 11622 | D:10     | Killed a stone giant
 11622 | D:10     | Reached skill level 11 in Short Blades
 11622 | D:10     | Reached skill level 5 in Shields
 11635 | D:10     | Noticed a salamander
 11635 | D:10     | a guardian serpent changed into a salamander
 11639 | D:10     | Slain by a salamander (glowing shapeshifter)

Vault maps used:
D:1:      dpeg_arrival_ternary, minmay_misc_feat_tower
D:2:      grunt_decor_clamped
D:4:      cheibrodos_quashed, corexii_leaking_fountain, minivault_19,
          uniq_eustachio
D:5:      first_bread, basic_altar, ashenzari_altar_1
D:7:      minmay_unpleasant_kobolds, uniq_crazy_yiuf_cottage
D:8:      basic_altar, serial_shops, shop_statue, shop, uniq_prince_ribbit1
D:9:      orc_0_dummy, serial_shops, nicolae_shop_behind_doors, uniq_maurice
D:10:     basic_altar, hangedman_pestilent_swarm, jmf_multi_god_temple
Temple:   dpeg_three_leaves_temple

Skill      XL: |  1  2  3  4  5  6  7  8  9 10 11 |
---------------+----------------------------------+-----
Stealth        | 1 2 3 4 5 6 8 10 | 10.5
Short Blades   | 3 4 5 6 7 9 10 11 | 11.2
Dodging        | 1 2 3 4 5 |  5.9
Armour         | 3 4 |  4.1
Throwing       | 1 2 3 5 6 7 |  7.4
Shields        | 3 4 5 |  5.0
Fighting       | 4 5 6 |  6.8

Action                   |  1- 3 |  4- 6 |  7- 9 | 10-12 || total
-------------------------+-------+-------+-------+-------++-------
Melee: Rapier            |   104 |   174 |   331 |   310 ||   919
 Fire: Blowgun           |       |     6 |    78 |   144 ||   228
Invok: Burn Spellbooks   |       |       |     1 |       ||     1
       Berserk           |       |       |       |     1 ||     1
  Use: Potion            |       |     5 |    10 |       ||    15
       Scroll            |       |       |     9 |     2 ||    11
 Stab: Sleeping          |       |     2 |    15 |     9 ||    26
       Invisible         |       |     1 |       |       ||     1
       Distracted        |       |       |     1 |       ||     1
  Eat: Chunk             |     8 |     8 |    15 |    19 ||    50
Armor: Scale mail        |    43 |    19 |       |       ||    62
       Leather armour    |       |    25 |    47 |    35 ||   107
Dodge: Dodged            |    41 |   100 |   241 |   171 ||   553
Block: Shield            |     9 |       |       |       ||     9
       Buckler           |    10 |    43 |   125 |    88 ||   266
